 Dungeon Crawl Stone Soup version 0.30-a0-1074-g5db6f66fbb (webtiles) character file.

Game seed: 7818909045333783069

3981 Adrian566 the Protected (level 10, 0/59 HPs)
             Began as a Gargoyle Fighter on Apr 13, 2023.
             Slain by an orc warrior
             ... wielding a +0 trident
              (9 damage)
             ... in a bailey.
             The game lasted 00:08:03 (5975 turns).

Adrian566 the Protected (Gargoyle Fighter)          Turns: 5975, Time: 00:08:03

Health: 0/59       AC: 17    Str: 24    XL:     10   Next: 22%
Magic:  10/10      EV: 10    Int: 15    God:
Gold:   312        SH:  4    Dex:  9    Spells: 9/9 levels left

rFire   . . .      SeeInvis .    s - +3 flail (drain)
rCold   . . .      Faith    .    c - +0 buckler
rNeg    + . .      Spirit   .    b - +0 scale mail
rPois   ∞          Reflect  .    (no helmet)
rElec   +          Rampage  .    j - scarf {shadows}
rCorr   .                        (no gloves)
Will    .....                    (no boots) Stlth
                                 (no amulet)
HPRegen 0.29/turn                e - +6 ring of intelligence
MPRegen 0.12/turn                (no ring)

@: on berserk cooldown, slowed, very slow
A: sickness immunity, AC +7, negative energy resistance 1, electricity
resistance, torment resistance 1, petrification resistance
a: no special abilities


You were in a bailey.
You visited 1 branch of the dungeon, and saw 7 of its levels.
You also visited: Bailey.

You collected 312 gold pieces.

Inventory:

Hand Weapons
 a - a +0 flail
 s - a +3 flail of draining (weapon)
Armour
 b - a +0 scale mail (worn)
 c - a +0 buckler (worn)
 j - a scarf of shadows (worn)
Jewellery
 e - a +6 ring of intelligence (left hand)
 i - a ring of magical power
 m - a ring of willpower
 p - a ring of wizardry
Wands
 d - a wand of polymorph (6)
 q - a wand of acid (13)
Scrolls
 o - a scroll of enchant armour
 r - a scroll of brand weapon
Potions
 f - 2 potions of attraction
 g - 2 potions of curing
 h - 2 potions of flight
 k - 3 potions of lignification
 l - a potion of invisibility {unknown}
 n - 2 potions of heal wounds {unknown}
 t - a potion of brilliance
 w - 3 potions of haste {unknown}
 x - a potion of resistance {unknown}
 z - a potion of might
 A - a potion of magic {unknown}


   Skills:
 + Level 5.2 Fighting
 * Level 9.2 Maces & Flails
 + Level 14.0 Armour
 + Level 2.3 Dodging
 + Level 1.0 Stealth
 + Level 4.6 Shields


You had 9 spell levels left.
You didn't know any spells.
Your spell library contained the following spells:

 Spells                   Type           Power      Damage    Failure   Level
 Slow                     Hex            0%         N/A       56%         1
 Confusing Touch          Hex            0%         N/A       90%         3
 Dazzling Flash           Conj/Hex       0%         N/A       90%         3
 Vampiric Draining        Necr           0%         2d6       90%         3
 Agony                    Necr           0%         N/A       100%        5
 Silence                  Hex/Air        0%         N/A       100%        5


Dungeon Overview and Level Annotations

Branches:
Dungeon (7/15)             Temple (0/1) D:7          Bailey (1/1)

Altars:
Cheibriados
Gozag
Kikubaaqudgha
Makhleb
Zin


Innate Abilities, Weirdness & Mutations

You are immune to sickness and miasma.
Your stone body is resilient. (AC +7)
You are immune to poison.
You resist negative energy. (rN+)
You are resistant to electric shocks. (rElec)
You are resistant to unholy torment.
You are immune to petrification.


Message History

You block the orc's attack.
The orc warrior hits you but does no damage.
You are no longer berserk.
You are exhausted.
You feel yourself slow down.
The orc hits you from afar with a +0 trident.
Okay, then.
The orc warrior hits you from afar with a +0 halberd.
There is an open gate here.
The orc warrior hits you but does no damage.
The orc warrior barely misses you. The orc warrior barely misses you.
The orc warrior hits you from afar with a +0 halberd!
* * * LOW HITPOINT WARNING * * *
The orc warrior closely misses you.
The orc warrior hits you from afar with a +0 halberd.
* * * LOW HITPOINT WARNING * * *
The orc warrior hits you from afar with a +0 trident.
* * * LOW HITPOINT WARNING * * *
The orc warrior hits you but does no damage.
There is an open door here.
The orc warrior hits you from afar with a +0 trident.
* * * LOW HITPOINT WARNING * * *
The orc warrior hits you but does no damage.
You see here a +0 spear.
There is an open door, spattered with blood here.
Things that are here:
a +0 hand axe; an orc corpse The orc warrior barely misses you.
The orc warrior closely misses you. The orc warrior closely misses you.
The orc warrior barely misses you.
The orc warrior hits you from afar with a +0 halberd.
* * * LOW HITPOINT WARNING * * *
The orc warrior hits you but does no damage.
The orc warrior hits you from afar with a +0 halberd.
* * * LOW HITPOINT WARNING * * *
You block the orc warrior's attack.
There is a gate leading back out of this place here.
The orc warrior hits you from afar with a +0 trident!
You die...

#.......#
#.......#
#...)=o.#
#..#.#.)#
#.##8##o#
#..#.#..#
#.....oo#
#.......#
#∩.....@#
#.......#
##..∩..##
#######


You could see 4 orc warriors.

Vanquished Creatures
  Grinder (D:5)
  A steam dragon (D:6)
  3 water moccasins
  2 orc warriors (Bailey)
  2 sky beasts (D:6)
  An ice beast (D:6)
  2 ogres
  2 phantoms
  A bullfrog (D:7)
  A hound (D:5)
  A jelly (D:2)
  A gnoll bouda (D:5)
  An orc priest (D:6)
  4 iguanas
  A sleepcap (D:5)
  2 orc wizards
  8 adders
  5 gnolls (D:5)
  A shadow imp (D:6)
  A white imp (D:5)
  An ufetubus (D:4)
  2 worms (D:5)
  9 dart slugs
  25 orcs
  5 ball pythons
  4 endoplasms
  4 giant cockroaches
  7 goblins
  8 hobgoblins
  4 kobolds
  4 quokkas
  4 bats
  6 frilled lizards
  6 rats
130 creatures vanquished.

Notes
Turn   | Place    | Note
-------+----------+-------------------------------------------
     0 | D:1      | Adrian566 the Gargoyle Fighter began the quest for the Orb.
     0 | D:1      | Reached XP level 1. HP: 14/14 MP: 1/1
   168 | D:1      | Reached XP level 2. HP: 16/19 MP: 2/2
   333 | D:1      | Noticed a floating eye
   335 | D:1      | Found a faded altar of an unknown god.
   336 | D:1      | Noticed a shining eye
   336 | D:1      | Noticed an eye of devastation
   336 | D:1      | Noticed a shining eye
   696 | D:1      | Reached XP level 3. HP: 23/23 MP: 3/3
  1105 | D:2      | Reached XP level 4. HP: 24/28 MP: 4/4
  1144 | D:2      | Found a glowing silver altar of Zin.
  1187 | D:2      | Reached skill level 4 in Armour
  1771 | D:3      | Found a burning altar of Makhleb.
  1787 | D:3      | Found an opulent altar of Gozag.
  2004 | D:3      | Reached XP level 5. HP: 33/33 MP: 5/5
  2971 | D:5      | Entered Level 5 of the Dungeon
  3040 | D:5      | Noticed Grinder
  3044 | D:5      | Paralysed by Grinder for 3 turns
  3056 | D:5      | Paralysed by Grinder for 4 turns
  3072 | D:5      | Killed Grinder
  3073 | D:5      | Reached skill level 5 in Maces & Flails
  3073 | D:5      | Reached XP level 6. HP: 7/38 MP: 6/6
  3191 | D:5      | Noticed a water moccasin
  3213 | D:5      | Killed a water moccasin
  3214 | D:5      | Reached XP level 7. HP: 16/43 MP: 7/7
  3374 | D:5      | Reached skill level 5 in Armour
  3506 | D:5      | Reached skill level 1 in Dodging
  4000 | D:5      | Reached XP level 8. HP: 48/48 MP: 8/8
  4444 | D:5      | Found a snail-covered altar of Cheibriados.
  4740 | D:6      | Found an ancient bone altar of Kikubaaqudgha.
  5154 | D:6      | Reached skill level 5 in Fighting
  5469 | D:6      | Reached skill level 6 in Armour
  5469 | D:6      | Reached skill level 1 in Stealth
  5469 | D:6      | Reached XP level 9. HP: 52/54 MP: 9/9
  5551 | D:7      | Found a staircase to the Ecumenical Temple.
  5577 | D:7      | Found a flagged portal.
  5632 | Bailey   | Entered a bailey
  5932 | Bailey   | Reached skill level 14 in Armour
  5932 | Bailey   | Reached XP level 10. HP: 59/59 MP: 10/10
  5975 | Bailey   | Slain by an orc warrior

Illustrated notes

Levels and vault maps discovered:
D:1:      wander_arrival_peaceful_grave, layout_basic,
          hellmonk_ecumenical_altar_watching_god
D:2:      layout_basic, basic_altar
D:3:      layout_basic, mainiacjoe_overflow_large_starburst,
          minmay_misc_feat_rows
D:4:      layout_basic
D:5:      kennysheep_slugbush, layout_layer_cave, cheibrodos_worm_habitat,
          uniq_grinder
D:6:      layout_loops_ring, mainiacjoe_overflow_alcove_2
D:7:      layout_rooms, temple_pool_b, enter_bailey_5, serial_shops,
          nicolae_shop_trees, grunt_ministairs_15
Bailey:   bailey_polearm_5, bailey

Skill      XL: |  1  2  3  4  5  6  7  8  9 |
---------------+----------------------------+-----
Maces & Flails | 3 5 7 8 9 |  9.2
Armour         | 4 5 6 14 | 14.0
Fighting       | 4 5 |  5.2
Shields        | 4 |  4.6
Dodging        | 1 2 |  2.3
Stealth        | 1 |  1.0

Action                     |  1- 3 |  4- 6 |  7- 9 | 10-12 || total
---------------------------+-------+-------+-------+-------++-------
  Melee: Flail             |   109 |   161 |   260 |     9 ||   539
    Use: Scroll            |       |     7 |    11 |       ||    18
         Potion            |       |     2 |     5 |     1 ||     8
 Armour: Scale mail        |    64 |    85 |   148 |    12 ||   309
  Dodge: Dodged            |    44 |    56 |   126 |    22 ||   248
  Block: Buckler           |    14 |    45 |    66 |     8 ||   133

Table legend: (Time is in decaauts)
 A = Elapsed time spent in this place.
 B = Non-inter-level travel time spent in this place.
 C = Inter-level travel time spent in this place.
 D = Time resting spent in this place.
 E = Time spent auto-exploring this place.
 F = Levels seen in this place.
 G = Mean time per level.
                   A        B        C        D        E       F      G
               +--------+--------+--------+--------+--------+-----+--------+
         Total |   6100 |   5981 |    119 |    362 |   4310 |   8 |  762.5 |
       Dungeon |   5749 |   5630 |    119 |    228 |   4210 |   7 |  821.3 |
        Bailey |    351 |    351 |      0 |    134 |    100 |   1 |  351.0 |
               +--------+--------+--------+--------+--------+-----+--------+

Top non-repeatable levels by time:
     D:5: 1525 daAuts
     D:1: 1084 daAuts
     D:6: 925 daAuts
     D:4: 875 daAuts
     D:2: 684 daAuts
     D:3: 484 daAuts
  Bailey: 351 daAuts
     D:7: 168 daAuts
